 Dungeon Crawl Stone Soup version 0.29-a0-96-g93358da72b (webtiles) character file.

Game seed: 2876605035679902490

2124 siradein the Ducker (level 9, -3/68 HPs)
             Began as a Merfolk Transmuter on Feb 11, 2022.
             Was an Initiate of Cheibriados.
             Succumbed to a gnoll's poison
             ... on level 6 of the Dungeon.
             The game lasted 00:16:57 (8064 turns).

siradein the Ducker (Merfolk Transmuter)            Turns: 8064, Time: 00:16:58

Health: -3/68      AC:  8    Str: 11    XL:     9   Next: 29%
Magic:  12/16      EV: 15    Int: 17    God:    Cheibriados [......]
Gold:   312        SH:  0    Dex: 24    Spells: 7/17 levels left

rFire   . . .      SeeInvis .   B - +7 trident of the Glowing Stoat {vorpal, rN+ Int+3 Dex+4}
rCold   . . .      Faith    .   (no shield)
rNeg    + . .      Spirit   .   D - +3 ring mail of the Other World {Int-4 Dex+5}
rPois   .          Reflect  .   (helmet currently unavailable)
rElec   .          Harm     .   (no cloak)
rCorr   .          Rampage  .   (no gloves)
Will    .....                   (boots currently unavailable)
Stlth   +.........              (no amulet)
HPRegen 0.21/turn               (no ring)
MPRegen 0.15/turn               (no ring)

@: lethally poisoned (-3 -> -32), appendages, wereblooded, very slow
A: horns 2, (nimble swimmer 2), mertail
a: End Transformation, Renounce Religion


You were on level 6 of the Dungeon.
You worshipped Cheibriados.
Cheibriados was noncommittal.
You had temporarily grown beastly horns.
You visited 1 branch of the dungeon, and saw 6 of its levels.

You collected 312 gold pieces.

Inventory:

Hand Weapons
 B - the +7 trident of the Glowing Stoat (weapon) {vorpal, rN+ Int+3 Dex+4}
   (You found it on level 5 of the Dungeon)

   It inflicts extra damage upon your enemies.
   Int:       It affects your intelligence (+3).
   Dex:       It affects your dexterity (+4).
   rN:        It protects you from negative energy.
Missiles
 k - 3 poisoned darts
Armour
 c - a +0 helmet (melded)
 D - the +3 ring mail of the Other World (worn) {Int-4 Dex+5}
   (You took it off an orc on level 5 of the Dungeon)

   Int:       It affects your intelligence (-4).
   Dex:       It affects your dexterity (+5).
Jewellery
 d - a ring of ice
Wands
 o - a wand of polymorph (1)
 x - a wand of paralysis (6)
 C - a wand of acid (12)
Scrolls
 a - a scroll of fear {unknown}
 i - a scroll of torment
 j - a scroll of teleportation {unknown}
 m - a scroll of blinking {unknown}
 n - 2 scrolls of summoning {unknown}
 p - 2 scrolls of amnesia {unknown}
 s - 2 scrolls of fog {unknown}
 t - a scroll of enchant armour {unknown}
 y - a scroll of magic mapping {unknown}
 A - 3 scrolls of identify
Potions
 b - 4 potions of mutation
 e - 2 potions of haste {unknown}
 f - a potion of cancellation
 g - a potion of brilliance
 h - 3 potions of ambrosia
 l - a potion of heal wounds
 q - a potion of resistance
 r - 2 potions of magic
 u - a potion of curing {unknown}
 v - a potion of might {unknown}
 w - a potion of lignification {unknown}
 z - a potion of degeneration {unknown}


   Skills:
 + Level 5.2 Fighting
 + Level 7.1 Dodging
 + Level 6.2 Unarmed Combat
 + Level 4.9 Spellcasting
 + Level 6.8 Transmutations
 + Level 5.0 Poison Magic


You had 7 spell levels left.
You knew the following spells:

 Your Spells              Type           Power      Damage    Failure   Level
a - Beastly Appendage     Tmut           54%        N/A       2%          1
b - Wereblood             Tmut           27%        N/A       3%          2
c - Spider Form           Tmut/Pois      24%        N/A       10%         3
d - Ice Form              Ice/Tmut       15%        N/A       65%         4

Your spell library contained the following spells:

 Spells                   Type           Power      Damage    Failure   Level
 Apportation              Tloc           8%         N/A       34%         1
 Static Discharge         Conj/Air       4%         N/A       47%         2
 Alistair's Intoxication  Tmut/Pois      16%        N/A       65%         5
 Gell's Gravitas          Tloc           4%         N/A       71%         3
 Lesser Beckoning         Tloc           4%         N/A       71%         3
 Teleport Other           Tloc           4%         N/A       71%         3
 Lightning Bolt           Conj/Air       2%         1d13      100%        5
 Maxwell's Capacitive Co  Air            2%         ∞         100%        8


Dungeon Overview and Level Annotations

Branches:
Dungeon (6/15)
 Temple: D:4-7

Altars:
Cheibriados

Shops:
D:3 *[*:(


Innate Abilities, Weirdness & Mutations

You have temporarily grown beastly horns.
((You are very nimble when in or above water. (Stealth+, EV+, Speed+++)))
Your lower body shifts to a powerful aquatic tail in water.


Message History

You barely miss the gnoll.
You feel very sick.
The gnoll hits you with a +2 spear of venom.
You are more poisoned.
Your transformation has ended.
The +7 trident of the Glowing Stoat {vorpal, rN+ Int+3 Dex+4} unmelds from your body.
Your +0 helmet unmelds from your body.
The +3 ring mail of the Other World {Int-4 Dex+5} unmelds from your body.
You feel very sick. The gnoll misses you.
A gnoll comes into view. It is wielding a +0 whip.
Casting: Spider Form (dangerous; 10% risk of failure)
Confirm with . or Enter, or press ? or * to list all spells.
You grow a pair of large bovine horns.
Your +0 helmet melds into your body.
The gnoll shouts!
You feel very sick.
The gnoll hits you with a +2 spear of venom.
You are lethally poisoned!
Unknown command.
Casting: Beastly Appendage (safe; 2% risk of failure)
Confirm with . or Enter, or press ? or * to list all spells.
Your blood is infused with primal strength.
* * * LOW HITPOINT WARNING * * *
You feel very sick.
The gnoll hits you with a +2 spear of venom.
* * * LOW HITPOINT WARNING * * *
You are more poisoned.
You puncture the gnoll!
You feel a bit better.
You kill the gnoll!
Cheibriados appreciates the change of pace.
* * * LOW HITPOINT WARNING * * *
You feel extremely sick.
You hit the gnoll shaman. You headbutt the gnoll shaman.
The gnoll shaman is moderately wounded.
* * * LOW HITPOINT WARNING * * *
You feel extremely sick. The gnoll shaman closely misses you.
You puncture the gnoll shaman!
The gnoll shaman is severely wounded.
You die...

#.......##.#
#.##.........
#.....).##.#
#..........##
#####.####.#
####.......# #.
#.####.#....#.## .o
#......#....#.#
#..###.#<...#.#
#..###.##.#.#.#
#.###..#........#.#
#ggg@..#####.####.#
#..####.##
##.####.# #.#
#.......### #..
#..###....# #.##
#..# #.##.# #.#
#..# #.##+# #.#
#..# #.<†.. .# #..#
##.... #..# +....


You could see a gnoll shaman and 2 gnolls.

Vanquished Creatures
  Pikel (D:4)
  Sigmund (D:4)
  An ice beast (D:5)
  A necrophage (D:5)
  4 centaurs
  An ogre (D:3)
  A phantom (D:6)
  2 scorpions
  A water moccasin skeleton (D:4)
  A bullfrog zombie (D:5)
  A centaur zombie (D:5)
  A hound (D:5)
  3 jellies (D:5)
  3 iguanas
  A gnoll shaman (D:6)
  3 orc wizards
  A killer bee zombie (D:5)
  A hound skeleton (D:4)
  Robin (D:4)
  7 gnolls (D:6)
  A howler monkey skeleton (D:4)
  6 adders
  A shadow imp (D:5)
  2 ufetubi (D:5)
  An adder skeleton (D:5)
  A worm (D:2)
  3 dart slugs
  14 orcs
  11 ball pythons
  7 endoplasms
  6 giant cockroaches
  19 goblins
  2 hobgoblins
  6 jackals (D:1)
  9 kobolds
  7 bats
  5 frilled lizards
  7 rats
144 creatures vanquished.

Vanquished Creatures (others)
  A goblin (D:4)
1 creature vanquished.

Grand Total: 145 creatures vanquished

Notes
Turn   | Place    | Note
-------+----------+-------------------------------------------
     0 | D:1      | siradein the Merfolk Transmuter began the quest for the
                  | Orb.
     0 | D:1      | Reached XP level 1. HP: 15/15 MP: 3/3
   256 | D:1      | Reached XP level 2. HP: 21/21 MP: 3/5
   381 | D:1      | Reached skill level 3 in Dodging
  1066 | D:1      | Reached XP level 3. HP: 24/26 MP: 4/6
  1072 | D:1      | Learned a level 2 spell: Wereblood
  1076 | D:1      | Learned a level 3 spell: Spider Form
  2007 | D:2      | Reached XP level 4. HP: 23/33 MP: 5/7
  2539 | D:2      | Reached skill level 1 in Poison Magic
  2783 | D:2      | Found a faded altar of an unknown god.
  2889 | D:3      | Found Saesaip's Book Shoppe.
  2926 | D:3      | Found Ytiqiome's Armour Shop.
  2954 | D:3      | Found Bemo's Assorted Antiques.
  3084 | D:3      | Found Nypsol's Assorted Antiques.
  3719 | D:3      | Reached XP level 5. HP: 16/38 MP: 7/9
  3986 | D:3      | Found Tyzxulas's Antique Weapon Emporium.
  4082 | D:3      | Noticed an ogre
  4270 | D:3      | Killed an ogre
  4271 | D:3      | Reached skill level 4 in Dodging
  4537 | D:4      | Reached XP level 6. HP: 45/46 MP: 4/10
  4550 | D:3      | Learned a level 4 spell: Ice Form
  4616 | D:4      | Noticed Sigmund
  4625 | D:4      | Killed Sigmund
  4626 | D:4      | Reached XP level 7. HP: 43/52 MP: 7/11
  4736 | D:4      | Noticed Robin
  4755 | D:4      | Killed Robin
  5113 | D:4      | Reached skill level 5 in Dodging
  5278 | D:4      | Noticed Pikel
  5310 | D:4      | Killed Pikel
  5311 | D:4      | Reached skill level 5 in Unarmed Combat
  5311 | D:4      | Reached skill level 5 in Transmutations
  5311 | D:4      | Reached XP level 8. HP: 60/60 MP: 11/14
  5595 | D:4      | Reached skill level 6 in Dodging
  5874 | D:5      | Entered Level 5 of the Dungeon
  6727 | D:5      | Identified the +3 ring mail of the Other World {Int-4
                  | Dex+5}
  6786 | D:5      | Identified the +7 trident of the Glowing Stoat {vorpal, rN+
                  | Int+3 Dex+4}
  6891 | D:5      | Reached XP level 9. HP: 34/67 MP: 11/15
  7207 | D:5      | Reached skill level 5 in Fighting
  7557 | D:6      | Found a snail-covered altar of Cheibriados.
  7566 | D:6      | Became a worshipper of Cheibriados the Contemplative
  7575 | D:6      | Reached skill level 7 in Dodging
  7919 | D:6      | Reached skill level 5 in Poison Magic
  8063 | D:6      | HP: 3/68 [poisoned by a gnoll]
  8064 | D:6      | Succumbed to a gnoll's poison

Illustrated notes

Levels and vault maps discovered:
D:1:      dpeg_arrival_lava_temple_mockup, layout_loops_cross
D:2:      layout_loops_cross, shapermc_ecumenical_altar_flowoftime
D:3:      layout_loops_corners, serial_shops, shop, nicolae_diamond_shop, shop,
          nicolae_diamond_shop, shop, minmay_ogre_servants
D:4:      layout_loops_ring, uniq_pikel, uniq_robin, uniq_sigmund
D:5:      layout_rooms, minmay_chambers_of_fives
D:6:      layout_basic, lemuel_crystal_altar, minmay_temple_entry_ruins,
          minmay_crystal_room

Skill      XL: |  1  2  3  4  5  6  7  8  9 |
---------------+----------------------------+-----
Dodging        | 3 4 5 6 7 |  7.1
Transmutations | 3 4 5 6 |  6.8
Fighting       | 2 3 4 5 |  5.2
Poison Magic   | 1 2 3 4 5 |  5.0
Unarmed Combat | 4 5 6 |  6.2
Spellcasting   | 3 4 |  4.9

Action                   |  1- 3 |  4- 6 |  7- 9 || total
-------------------------+-------+-------+-------++-------
Melee: Unarmed           |    10 |    12 |   190 ||   212
       Headbutt          |    13 |    13 |     8 ||    34
       Short sword       |   100 |   107 |       ||   207
       Punch             |     1 |     1 |     1 ||     3
       Dagger            |       |     8 |    33 ||    41
       Trident           |       |       |    31 ||    31
 Cast: Beastly Appendage |    24 |    27 |    11 ||    62
       Spider Form       |       |     3 |    28 ||    31
       Wereblood         |       |       |     2 ||     2
 Abil: End Transformatio |       |       |     1 ||     1
  Use: Scroll            |       |     7 |     1 ||     8
 Stab: Sleeping          |     3 |     3 |       ||     6
Armor: Robe              |    14 |    23 |     6 ||    43
       Skin              |       |       |     8 ||     8
       Ring mail         |       |       |    10 ||    10
Dodge: Dodged            |    91 |   110 |   271 ||   472

Table legend: (Time is in decaauts)
 A = Elapsed time spent in this place.
 B = Non-inter-level travel time spent in this place.
 C = Inter-level travel time spent in this place.
 D = Time resting spent in this place.
 E = Time spent auto-exploring this place.
 F = Levels seen in this place.
 G = Mean time per level.
                   A        B        C        D        E       F      G
               +--------+--------+--------+--------+--------+-----+--------+
         Total |   8104 |   7968 |    136 |    607 |   5917 |   6 | 1350.7 |
       Dungeon |   8104 |   7968 |    136 |    607 |   5917 |   6 | 1350.7 |
               +--------+--------+--------+--------+--------+-----+--------+

Top non-repeatable levels by time:
     D:4: 1732 daAuts
     D:3: 1679 daAuts
     D:1: 1445 daAuts
     D:2: 1432 daAuts
     D:5: 1071 daAuts
     D:6: 743 daAuts
